 Dungeon Crawl Stone Soup version 0.21-a0-185-g3a6ed1e (webtiles) character file.

530 tehllama the Insei (level 7, 0/43 HPs)
             Began as an Octopode Transmuter on Aug 13, 2017.
             Succumbed to tehllama's ghost's poison
             ... on level 4 of the Dungeon.
             The game lasted 00:07:59 (3744 turns).

tehllama the Insei (Octopode Transmuter)            Turns: 3744, Time: 00:07:59

Health: 0/43       AC:  1    Str: 10 (11) XL:     7   Next: 24%
Magic:  9/11       EV: 19    Int: 18 (21) God:
Gold:   96         SH:  6    Dex: 16 (17) Spells: 10/11 levels left

rFire    . . .     SeeInvis .   n - +3 short sword (elec)
rCold    . . .     Gourm    .   d - +1 buckler
rNeg     . . .     Faith    .   (helmet restricted)
rPois    .         Spirit   .   (no amulet)
rElec    .         Reflect  .   (no ring)
rCorr    .         Harm     .   (no ring)
MR       .....                  (no ring)
Stlth    ++++......             (no ring)
HPRegen  0.14/turn              (no ring)
MPRegen  0.12/turn              (no ring)
                                (no ring)
                                (no ring)

@: brilliant, agile, lethally poisoned (0 -> -13), flying, very slightly
contaminated
A: almost no armour, stealthy swim, amphibious, 8 rings, constrict 8, camouflage
1, gelatinous body 1
a: no special abilities


You were on level 4 of the Dungeon.
You were completely stuffed.

You visited 1 branch of the dungeon, and saw 4 of its levels.

You collected 96 gold pieces.

Inventory:

Hand Weapons
 n - a +3 short sword of electrocution (weapon)
Missiles
 a - 80 arrows
Armour
 d - a +1 buckler (worn)
Scrolls
 e - 8 scrolls of remove curse
 f - a scroll of vulnerability {unknown}
 j - a scroll of fear
 l - a scroll of magic mapping
 m - 2 scrolls of teleportation {unknown}
 s - a scroll of random uselessness {unknown}
Potions
 h - a potion of cancellation
Books
 b - a book of Changes

   Spells                             Type                      Level
   a - Beastly Appendage              Transmutation                1
   b - Sticks to Snakes               Transmutation                2
   c - Spider Form                    Transmutation/Poison         3
   d - Ice Form                       Ice/Transmutation            4
   e - Blade Hands                    Transmutation                5
Comestibles
 c - 3 bread rations
 g - a meat ration
 p - 3 chunks of flesh
 r - a fruit


   Skills:
 - Level 1.0 Fighting
 + Level 2.7 Dodging
 + Level 2.2 Stealth
 + Level 4.2 Shields
 + Level 5.4 Unarmed Combat
 + Level 2.7 Spellcasting
 + Level 2.6 Transmutations


You had 10 spell levels left.
You knew the following spells:

 Your Spells              Type           Power        Failure   Level  Hunger
a - Beastly Appendage     Tmut           ###...       1%          1    #......


Dungeon Overview and Level Annotations

Branches:
Dungeon (4/15)
 Temple: D:4-7

Altars:
Kikubaaqudgha


Innate Abilities, Weirdness & Mutations

You cannot wear most types of armour.
You are very stealthy in the water. (Stealth+)
You are amphibious.
You can wear up to eight rings at the same time.
You can use your tentacles to constrict eight enemies at once.
Your skin changes colour to match your surroundings (Stealth+).
Your rubbery body absorbs attacks. (AC +1, EV +1)


Message History

Okay, then.
Eat one of 4 chunks of flesh? (ye/n/q)
You eat one of the 4 chunks of flesh.
This raw flesh tastes terrible.
* * * LOW HITPOINT WARNING * * *
You feel sick.
You eat one of the 3 meat rations.
That meat ration really hit the spot!
* * * LOW HITPOINT WARNING * * *
You feel sick.
You eat one of the 2 meat rations.
That meat ration really hit the spot!
* * * LOW HITPOINT WARNING * * *
You feel sick.
There is a lethal amount of poison in your body!
* * * LOW HITPOINT WARNING * * *
You feel sick.
* * * LOW HITPOINT WARNING * * *
You feel sick.
* * * LOW HITPOINT WARNING * * *
You feel sick.
Your tentacle spike disappears.
You die...

####..#.))).♣.♣
#...))))).♣
#....))))♣♣
#.$#)))♣♣♣
#....##♣ #..#.#
##.#)#
#.#.#############
#.#...@......... .
#.#####.####..##..
#.........#
#...(...#
#.......#.#
#.>.....#.#
#.........#
#...).(..##
#.......##


There were no monsters in sight!

Vanquished Creatures
  The ghost of tehllama the Sneak, an amateur OpTm (D:4)
  A big kobold (D:3)
  2 vampire bats (D:2)
  An orc priest (D:3)
  Jessica (D:3)
  4 gnolls (D:2)
  An adder (D:3)
  3 worms
  2 dart slugs
  A leopard gecko (D:3)
  9 orcs
  3 bat skeletons (D:2)
  A bat zombie (D:2)
  2 giant cockroaches
  7 goblins
  9 hobgoblins
  6 jackals (D:2)
  A quokka (D:2)
  A ball python (D:2)
  6 bats
  6 frilled lizards
  14 kobolds
  6 rats
88 creatures vanquished.

Notes
Turn   | Place    | Note
-------+----------+-------------------------------------------
     0 | D:1      | tehllama the Octopode Transmuter began the quest for the Orb.
     0 | D:1      | Reached XP level 1. HP: 13/13 MP: 3/3
   439 | D:1      | Reached XP level 2. HP: 17/18 MP: 3/5
   506 | D:1      | Reached skill level 1 in Shields
  1097 | D:2      | Reached XP level 3. HP: 21/23 MP: 4/6
  1710 | D:2      | Reached skill level 4 in Unarmed Combat
  1714 | D:2      | Reached XP level 4. HP: 14/28 MP: 7/7
  1722 | D:2      | HP: 1/28 [dart slug/slug dart (6)]
  2068 | D:2      | Found an ancient bone altar of Kikubaaqudgha.
  2083 | D:2      | Reached XP level 5. HP: 17/33 MP: 8/8
  2385 | D:3      | Noticed Jessica
  2389 | D:3      | Killed Jessica
  2522 | D:3      | Reached skill level 5 in Unarmed Combat
  2636 | D:3      | Reached XP level 6. HP: 35/38 MP: 7/9
  2802 | D:3      | HP: 1/38 [orc priest/trident of venom (3)]
  3060 | D:3      | Reached skill level 1 in Stealth
  3699 | D:4      | Noticed tehllama's ghost (amateur OpTm)
  3731 | D:4      | Killed tehllama's ghost
  3731 | D:4      | Reached XP level 7. HP: 27/43 MP: 7/11
  3742 | D:4      | HP: 2/43 [poisoned by tehllama's ghost]
  3744 | D:4      | Succumbed to tehllama's ghost's poison

Vault maps used:
D:1:      lemuel_arrival_behind_the_door_small, minmay_misc_feat_columns
D:2:      kennysheep_vampire_church
D:3:      cheibrodos_thug_alley, first_bread, uniq_jessica
D:4:      chequers_temple_overflow_statue_of_worship, uniq_crazy_yiuf_cottage

Skill      XL: |  1  2  3  4  5  6 |
---------------+-------------------+-----
Shields        | 1 2 3 4 |  4.2
Unarmed Combat | 4 5 |  5.4
Stealth        | 2 |  2.2
Fighting       | |  1.0
Dodging        | |  2.7
Spellcasting   | |  2.7
Transmutations | |  2.6

Action                   |  1- 3 |  4- 6 |  7- 9 || total
-------------------------+-------+-------+-------++-------
Melee: Unarmed           |     9 |       |       ||     9
       Constrict         |    23 |    22 |     1 ||    46
       Dagger            |    35 |       |       ||    35
       Kick              |    13 |    11 |       ||    24
       Tentacles         |    12 |    10 |     1 ||    23
       Punch             |     2 |     2 |       ||     4
       Short sword       |    32 |    99 |     1 ||   132
 Cast: Beastly Appendage |    19 |    19 |       ||    38
  Use: Scroll            |       |     6 |       ||     6
       Potion            |       |     4 |     4 ||     8
 Stab: Sleeping          |     3 |     2 |       ||     5
       Distracted        |     1 |       |       ||     1
  Eat: Chunk             |     3 |     6 |     1 ||    10
       Meat ration       |       |       |     2 ||     2
Armor: Skin              |     9 |    12 |       ||    21
Dodge: Dodged            |    64 |    78 |       ||   142
Block: Buckler           |     8 |    21 |       ||    29
